 Dungeon Crawl Stone Soup version 0.31-a0-507-gbafd7f5274 (webtiles) character file.

Game seed: 10647102710173029958

53 Zonian the Ruffian (level 3, 0/24 HPs)
             Began as an Octopode Shapeshifter on Aug 9, 2023.
             Slain by an iguana (14 damage)
             ... on level 3 of the Dungeon.
             The game lasted 00:02:06 (1764 turns).

Zonian the Ruffian (Octopode Shapeshifter)          Turns: 1764, Time: 00:02:07

Health: 0/24       AC:  1    Str: 16    XL:     3   Next: 89%
Magic:  3/3        EV: 13    Int: 10    God:
Gold:   105        SH:  0    Dex: 12    Spells: 2/2 levels left

rFire   . .          .
                       - Unarmed
rCold   . . .        (no shield)
rNeg    + . .        (helmet currently unavailable)
rPois   .            (no amulet)
rElec   .            g - ring of positive energy
rCorr   .            (no ring)
SInv    .            (no ring)
Will    .....        (no ring)
Stlth   ++           (no ring)
HPRegen 0.24/turn    (no ring)
MPRegen 0.08/turn    (no ring)
                     (no ring)

%: no passive effects
@: beast-form
A: beast (slay +2), almost no armour, amphibious, 8 rings, camouflage 1,
gelatinous body 1, (nimble swimmer 1), tentacles
a: Begin Untransformation


You were on level 3 of the Dungeon.
You were a hulking beast.
You visited 1 branch of the dungeon, and saw 3 of its levels.

You collected 138 gold pieces.
You spent 33 gold pieces at shops.

Inventory:

Jewellery
 g - a ring of positive energy (left tentacle)
Talismans
 b - a beast talisman (active)
 c - a flux talisman
Scrolls
 d - a scroll of noise
 f - a scroll of fear
 i - 5 scrolls of teleportation
 j - a scroll of enchant weapon {unknown}
 m - a scroll of torment {unknown}
Potions
 a - a potion of lignification
 e - a potion of magic
 k - 2 potions of curing
 l - a potion of degeneration


   Skills:
 + Level 1.9 Fighting
 + Level 2.6 Dodging
 + Level 3.4 Unarmed Combat
 + Level 3.3 Shapeshifting


You had 2 spell levels left.
You didn't know any spells.
Your spell library was empty.

Dungeon Overview and Level Annotations

Branches:
Dungeon (3/15)

Altars:

Shops:
D:1 *


Innate Abilities, Weirdness & Mutations

You are a hulking beast.
Your limbs bulge with bestial killing power. (Slay +2)
You cannot wear most types of armour.
You are amphibious.
You can wear up to eight rings at the same time.
Your skin changes colour to match your surroundings (Stealth+).
Your rubbery body absorbs attacks. (AC +1, EV +1)
((You are camouflaged when in or above water. (Stealth+)))
You have tentacles for arms and can constrict up to eight enemies at once.


Message History

You assume a fearsome visage.
Nothing appears to happen.
It was a scroll of fear.
As you read the scroll labelled EJAT LIUSAIRI, it crumbles to dust.
It is a scroll of identify.
e - a potion of magic
As you read the scroll of identify, it crumbles to dust.
k - 2 potions of curing
As you read the scroll of identify, it crumbles to dust.
l - a potion of degeneration A ball python comes into view.
You bludgeon the ball python!
You kill the ball python!
No target in view!
No target in view!
A kobold is nearby!
Unknown command.
The kobold shouts!
You tentacle-slap the kobold but do no damage.
Your grab misses the kobold. The kobold hits you with a +0 dagger.
You barely miss the kobold. You grab the kobold. You constrict the kobold.
The kobold hits you with a +0 dagger.
You tentacle-slap the kobold.
You kill the kobold!
No target in view!
i - 5 scrolls of teleportation (gained 1) HP restored.
Found a stone staircase leading down.
An iguana comes into view.
Found an inky potion.
Unknown command.
The helpless iguana fails to defend itself.
You tentacle-slap the iguana but do no damage.
Your grab misses the iguana. Your squeeze misses the iguana.
The iguana bites you!
You bludgeon the iguana! You grab the iguana. You squeeze the iguana!
The iguana is almost dead.
You constrict the iguana, but do no damage.
The iguana bites you!
Ouch! That really hurt!
You die...

# ......# #. .....# #..
#....+ #..# #....#
##...##....#
......#....#############
.......>.........##.....
........#........##.##..
#...#..h#........##.#...
#. #.l.#.#......##.#.##
#...#.###....##.....
#!..#...............
#...#############.##
#...# ..... ##... ###.#.
#... #.#. #.#


You could see an iguana.

Vanquished Creatures
  An adder (D:2)
  2 worms (D:2)
  2 dart slugs (D:2)
  A bat (D:1)
  2 endoplasms
  8 giant cockroaches
  3 goblins
  2 jackals (D:2)
  A quokka (D:1)
  2 ball pythons
  2 frilled lizards
  3 kobolds
  4 rats
33 creatures vanquished.

Notes
Turn   | Place    | Note
-------+----------+-------------------------------------------
     0 | D:1      | Zonian the Octopode Shapeshifter began the quest for the
                  | Orb.
     0 | D:1      | Reached XP level 1. HP: 13/13 MP: 1/1
   207 | D:1      | Reached XP level 2. HP: 17/18 MP: 2/2
   489 | D:1      | Found Uwink's General Store.
   492 | D:1      | Bought a scroll of teleportation for 33 gold pieces
   740 | D:2      | Found the +7 Kryia's mail coat {PotionHeal*2 rC+}
   774 | D:2      | Reached XP level 3. HP: 23/23 MP: 3/3
  1764 | D:3      | Slain by an iguana

Illustrated notes

Levels and vault maps discovered:
D:1:      dpeg_cavernosity, layout_loops_ring, serial_shops,
          nicolae_shop_tiny_real_fake_doors, minmay_worlds_worst_comb
D:2:      layout_basic
D:3:      layout_basic, minitemple, general_overflow_altar,
          shapermc_ecumenical_altar_flowoftime, serial_shops, shop

Action                     || total
---------------------------++-------
  Melee: Unarmed           ||    59
         Tentacles         ||    14
         Constrict         ||    16
    Use: Scroll            ||     5
   Stab: Sleeping          ||    13
 Armour: Skin              ||     2
  Dodge: Dodged            ||    23

Table legend: (Time is in decaauts)
 A = Elapsed time spent in this place.
 B = Non-inter-level travel time spent in this place.
 C = Inter-level travel time spent in this place.
 D = Time resting spent in this place.
 E = Time spent auto-exploring this place.
 F = Levels seen in this place.
 G = Mean time per level.
                   A        B        C        D        E       F      G
               +--------+--------+--------+--------+--------+-----+--------+
         Total |   1759 |   1687 |     72 |      0 |   1464 |   3 |  586.3 |
       Dungeon |   1759 |   1687 |     72 |      0 |   1464 |   3 |  586.3 |
               +--------+--------+--------+--------+--------+-----+--------+

Top non-repeatable levels by time:
     D:2: 879 daAuts
     D:1: 737 daAuts
     D:3: 141 daAuts
